 Dungeon Crawl Stone Soup version 0.28.0-43-g3370ac3207 (webtiles) character file.

Game seed: 16036867784974195268

337 saw2855 the Chopper (level 6, -2/63 HPs)
             Began as an Ogre Cinder Acolyte on Mar 10, 2022.
             Was a High Priest of Ignis.
             Slain by Grinder (3 damage)
             ... on level 4 of the Dungeon on Mar 12, 2022.
             The game lasted 00:27:03 (2922 turns).

saw2855 the Chopper (Ogre Cinder Acolyte)           Turns: 2922, Time: 00:27:03

Health: -2/63      AC:  5    Str: 16 (17) XL:     6   Next: 54%
Magic:  4/11       EV:  9    Int: 17 (19) God:    Ignis [*****.]
Gold:   97         SH:  0    Dex:  7 (10) Spells: 10/12 levels left

rFire   + . .      SeeInvis .   a - -1 hand axe (flame)
rCold   . . .      Faith    .   (no shield)
rNeg    . . .      Spirit   .   b - +1 robe
rPois   .          Reflect  .   (helmet restricted)
rElec   .          Harm     .   g - +0 cloak
rCorr   .          Rampage  .   (gloves unavailable)
Will    .....                   (boots unavailable)
Stlth   +.........              (no amulet)
HPRegen 0.20/turn               j - +6 ring of dexterity
MPRegen 0.12/turn               (no ring)

@: no status effects
A: large, unfitting armour, tough skin 1, clever 1, weak 1
a: Renounce Religion, Fiery Armour, Foxfire Swarm, Rising Flame


You were on level 4 of the Dungeon.
You worshipped Ignis.
Ignis was extremely pleased with you.
You visited 1 branch of the dungeon, and saw 4 of its levels.

You collected 97 gold pieces.

Inventory:

Hand Weapons
 a - a -1 hand axe of flaming (weapon)
Armour
 b - a +1 robe (worn)
 g - a +0 cloak (worn)
Magical Staves
 i - a staff of fire
Jewellery
 j - a +6 ring of dexterity (left hand)
Wands
 m - a wand of flame (3) (quivered)
Scrolls
 e - a scroll of amnesia
 q - 2 scrolls of teleportation
Potions
 c - 2 potions of heal wounds {unknown}
 d - a potion of berserk rage {unknown}
 f - 2 potions of degeneration
 h - a potion of haste {unknown}
 k - a potion of mutation
 l - 2 potions of curing {unknown}
 n - 2 potions of invisibility {unknown}
 o - a potion of cancellation {unknown}
 p - a potion of magic {unknown}


   Skills:
 + Level 4.5 Fighting
 * Level 4.7 Axes
 + Level 0.9 Dodging
 + Level 0.5 Stealth
 * Level 3.9 Spellcasting
 * Level 3.9 Fire Magic


You had 10 spell levels left.
You knew the following spells:

 Your Spells              Type           Power      Damage    Failure   Level
a - Scorch                Fire           32%        2d6       4%          2

Your spell library contained the following spells:

 Spells                   Type           Power      Damage    Failure   Level
 Ensorcelled Hibernation  Hex/Ice        6%         N/A       24%         2
 Spider Form              Tmut/Pois      3%         N/A       43%         3
 Anguish                  Hex/Necr       1%         N/A       85%         4


Dungeon Overview and Level Annotations

Branches:
Dungeon (4/15)
 Temple: D:4-7

Altars:

Annotations:
D:4 Grinder


Innate Abilities, Weirdness & Mutations

You are too large for most types of armour.
You have tough skin. (AC +1)
Your mind is acute. (Int +2)
You are weak. (Str -2)


Message History

You resist with some effort.
You closely miss Grinder.
Grinder is moderately wounded.
Grinder hits you.
You writhe in agony.
You hit Grinder but do no damage.
Grinder is moderately wounded.
Grinder says, "You look like you could use a good racking."
Grinder barely misses you.
Casting: Scorch (safe; 4% risk of failure)
Confirm with . or Enter, or press ? or * to list all spells.
Flames lash Grinder.
Grinder is burned terribly!
Grinder is heavily wounded.
Grinder says, "There's only one good use for a tongue: cutting it out."
Grinder hits you but does no damage.
Casting: Scorch (safe; 4% risk of failure)
Confirm with . or Enter, or press ? or * to list all spells.
Flames lash Grinder.
Grinder is burned terribly!
Grinder is severely wounded.
Grinder hits you!
You writhe in agony.
Casting: Scorch (safe; 4% risk of failure)
Confirm with . or Enter, or press ? or * to list all spells.
Flames lash Grinder.
Grinder is burned terribly!
Grinder is severely wounded.
Grinder hits you.
You writhe in agony.
You barely miss Grinder.
Grinder is severely wounded.
Grinder hits you!
* * * LOW HITPOINT WARNING * * *
You writhe in agony.
* * * LOW HITPOINT WARNING * * *
It was a potion of degeneration.
There was something very wrong with that liquid.
You feel weakened.
You feel dopey.
You feel clumsy. Grinder hits you but does no damage.
It was a potion of mutation.
You feel extremely strange.
You feel weaker.
You feel clever.
You feel stupid.
You feel clever. Grinder hits you!
* * * LOW HITPOINT WARNING * * *
You writhe in agony.
You die...

.........#.#
.........#.##
.######.##..# .# .#
#.# .######+###.##
.............# #
...........#.######.#
...........#........#
...........#....@5..#
#####...####........#
#.### ##.###.......
#.. ...# .#.###. #...
.....# .....
##......... ##.###
#........ .. .....#
##


You could see Grinder (combustible).

Vanquished Creatures
  The ghost of crimpus the Cutter, an amateur KoBe of Trog (D:3)
  A howler monkey (D:4)
  An orc priest (D:3)
  2 orc wizards (D:3)
  3 gnolls (D:4)
  5 adders
  2 worms (D:2)
  2 dart slugs
  2 orcs (D:3)
  7 bats
  4 endoplasms
  4 giant cockroaches
  6 goblins
  6 hobgoblins
  2 jackals (D:1)
  3 kobolds
  2 quokkas
  10 ball pythons
  3 frilled lizards (D:1)
  3 rats
69 creatures vanquished.

Vanquished Creatures (others)
  3 demonic plants (D:2)
  31 foxfires
  A fungus (D:2)
  7 plants (D:2)
  3 withered plants (D:2)
45 creatures vanquished.

Grand Total: 114 creatures vanquished

Notes
Turn   | Place    | Note
-------+----------+-------------------------------------------
     0 | D:1      | saw2855 the Ogre Cinder Acolyte began the quest for the
                  | Orb.
     0 | D:1      | Reached XP level 1. HP: 24/24 MP: 2/2
   266 | D:1      | Reached XP level 2. HP: 32/32 MP: 3/3
   269 | D:1      | Learned a level 2 spell: Scorch
   807 | D:2      | Reached XP level 3. HP: 20/39 MP: 1/5
  1163 | D:2      | Found a faded altar of an unknown god.
  1382 | D:2      | Reached XP level 4. HP: 48/48 MP: 3/6
  1934 | D:3      | Reached XP level 5. HP: 15/55 MP: 2/8
  2292 | D:3      | Found a runed translucent door.
  2293 | D:3      | Noticed crimpus's ghost (amateur KoBe)
  2321 | D:3      | Killed crimpus's ghost
  2322 | D:3      | Reached XP level 6. HP: 44/63 MP: 8/10
  2908 | D:4      | Noticed Grinder
  2922 | D:4      | Gained mutation: You are weak. (Str -2) [potion of
                  | mutation]
  2922 | D:4      | Gained mutation: Your mind is acute. (Int +2) [potion of
                  | mutation]
  2922 | D:4      | Lost mutation: Your mind is acute. (Int +2) [potion of
                  | mutation]
  2922 | D:4      | Gained mutation: Your mind is acute. (Int +2) [potion of
                  | mutation]
  2922 | D:4      | HP: 1/63 [Grinder (7)]
  2922 | D:4      | Slain by Grinder

Illustrated notes

Levels and vault maps discovered:
D:1:      minmay_arrival_loop, layout_rooms, grunt_decor_cap,
          minmay_misc_feat_iff
D:2:      layout_basic, serial_glass, glass_columns_b, glass_columns_c,
          shapermc_ecumenical_altar_gd, hangedman_glass_teeth
D:3:      layout_rooms, gammafunk_ghost_grave
D:4:      layout_basic, ebering_ghost_reflecting_pool, uniq_grinder

Skill      XL: |  1  2  3  4  5 |
---------------+----------------+-----
Fire Magic     | 3 |  3.9
Axes           | 4 |  4.7
Spellcasting   | 2 3 |  3.9
Fighting       | |  4.5
Dodging        | |  0.9
Stealth        | |  0.5

Action                   |  1- 3 |  4- 6 || total
-------------------------+-------+-------++-------
Melee: Hand axe          |    75 |    82 ||   157
       Punch             |     1 |     1 ||     2
 Cast: Scorch            |    12 |    26 ||    38
Invok: Foxfire Swarm     |       |     2 ||     2
  Use: Scroll            |     3 |     4 ||     7
       Potion            |       |     2 ||     2
Armor: Robe              |    23 |    42 ||    65
Dodge: Dodged            |    39 |    40 ||    79
